AoeStats
← Deffgrippa

Golden Pit

507110707Analyzed
1v1 RM · 15d ago on Sep 16, 2026· 39m 47s· 2 players
Game mode
Random Map
Map size
Tiny (2 player)
Population
200
Speed
Normal
Resources
Standard
Victory
Conquest
Starting age
Dark Age
Ending age
Imperial Age
RankedLock teamsTeams togetherTeam positionsShared explorationLock speedFull tech treeHidden civsTurbo modeCheats
Victory
Defeat
🇬🇧 Malians · United Kingdom
897
+16
🇦🇺 Maya · Australia
898
-16
pup11power
5:29 Loom
10:41 Feudal Age
11:18 Double-Bit Axe
11:23 Horse Collar
12:12 Man-at-Arms
13:34 Wheelbarrow
13:53 Gold Mining
14:22 Scale Mail Armor
16:13 Forging
21:25 Castle Age
20:19 Town Watch
22:03 Stone Mining
22:09 Elite Skirmisher
25:02 Fletching
26:26 Padded Archer Armor
30:38 Gold Shaft Mining
32:11 Bow Saw
32:44 Ballistics
31:53 Long Swordsman
33:08 Murder Holes
34:52 Treadmill Crane
36:14 Stone Shaft Mining
35:56 Bodkin Arrow
37:19 Hand Cart
41:52 Imperial Age
Deffgrippa
5:45 Loom
12:18 Feudal Age
13:32 Double-Bit Axe
21:46 Padded Archer Armor
21:39 Fletching
23:59 Castle Age
24:21 Crossbowman
26:12 Bodkin Arrow
32:27 Horse Collar
33:00 Bow Saw
34:46 Squires
34:52 Pikeman
38:23 Elite Skirmisher
Connection lost

Rejoining the realm…

Still unreachable

The connection could not be restored.

Session expired

The server has moved on; the page needs a fresh start.